| TOP OF THE 1ST |
|
Mobile BayBears batting - Pitching for Biloxi Shuckers : RHP Junzo Yanagisawa
|
|
Pitching: RHP Junzo Yanagisawa
|
|
|
Batting: RHB Carlos Ballesteros
|
0-0: Swinging Strike 0-1: Ball 1-1: Ball 2-1: Foul Ball, location: 2F 2-2: Foul Ball, location: 2F 2-2: SINGLE (Flyball, 6D, EV 84.4 MPH)
|
|
Batting: RHB Paul Schreiber
|
0-0: SINGLE (Groundball, 34D, EV 95.6 MPH) Carlos Ballesteros to second Runner from 2nd tries for 3rd, SAFE, throw by RF made to third
|
|
Batting: LHB Soo-yeon Kym
|
0-0: Ball 1-0: Foul Ball, location: 2F 1-1: Ball 2-1: Ball 3-1: Grounds into double play, 6-4-3 (Groundball, 56, EV 108.8 MPH) Carlos Ballesteros scores
|
|
Batting: RHB Blake Beale
|
0-0: Called Strike 0-1: Swinging Strike 0-2: Ball 1-2: Ball 2-2: Ball 3-2: Ground out 5-3 (Groundball, 56, EV 82.5 MPH)
|
| Top of the 1st over - 1 run, 2 hits, 0 errors, 0 left on base; Mobile 1 - Biloxi 0 |
| BOTTOM OF THE 1ST |
|
Biloxi Shuckers batting - Pitching for Mobile BayBears : LHP David Legg
|
|
Pitching: LHP David Legg
|
|
|
Batting: RHB Hector Silva
|
0-0: Ball 1-0: SINGLE (Line Drive, 89S, EV 98.8 MPH)
|
|
Batting: LHB Adam Hill
|
0-0: Ball 1-0: Fly out, F8 (Flyball, 8RS, EV 85.0 MPH)
|
|
Batting: RHB Steve Byerly
|
0-0: Ball Hector Silva steals 2nd base 1-0: Ball 2-0: Ball 3-0: Base on Balls
|
|
Batting: RHB Vinny Estrada
|
0-0: Ball 1-0: Called Strike Hector Silva steals 3rd base 1-1: DOUBLE (Line Drive, 78D, EV 111.9 MPH) Hector Silva scores Steve Byerly to third Runner from 3rd tries for Home, SAFE, throw by LF to home
|
|
Batting: RHB Josh Nelson
|
0-0: Called Strike 0-1: Ball 1-1: Ground out 4-3 (Groundball, 34, EV 99.4 MPH) Vinny Estrada to third
|
|
Batting: RHB Bobby Heagle
|
0-0: Ball 1-0: Swinging Strike 1-1: Ground out 4-3 (Groundball, 4, EV 90.6 MPH)
|
| Bottom of the 1st over - 2 runs, 2 hits, 0 errors, 1 left on base; Mobile 1 - Biloxi 2 |
| TOP OF THE 2ND |
|
Mobile BayBears batting - Pitching for Biloxi Shuckers : RHP Junzo Yanagisawa
|
|
Batting: RHB Chris Bittner
|
0-0: Foul Ball, location: 2F 0-1: Ball 1-1: Ground out 6-3 (Groundball, 6, EV 106.2 MPH)
|
|
Batting: RHB Josh Burrows
|
0-0: Called Strike 0-1: Ball 1-1: Ball 2-1: Fly out, F7 (Flyball, 7D, EV 102.5 MPH)
|
|
Batting: RHB Jeremy Adams
|
0-0: Swinging Strike 0-1: Swinging Strike 0-2: Ball 1-2: Foul Ball, location: 2F 1-2: Strikes out looking
|
| Top of the 2nd over - 0 runs, 0 hits, 0 errors, 0 left on base; Mobile 1 - Biloxi 2 |
| BOTTOM OF THE 2ND |
|
Biloxi Shuckers batting - Pitching for Mobile BayBears : LHP David Legg
|
|
Batting: RHB Leo Serrano
|
0-0: Called Strike 0-1: SINGLE (Groundball, 6M, EV 91.9 MPH) (infield hit)
|
|
Batting: RHB Brian Landrum
|
0-0: Called Strike 0-1: Swinging Strike 0-2: Ball 1-2: Strikes out looking
|
|
Batting: SHB Orlando Torres
|
0-0: Called Strike 0-1: Reached on error, E8 (Flyball, 8RD, EV 102.5 MPH) Leo Serrano to third
|
|
Batting: RHB Hector Silva
|
0-0: Ball 1-0: Ball 2-0: Ball Wild Pitch! Leo Serrano scores Orlando Torres to third 3-0: Called Strike 3-1: Swinging Strike 3-2: Base on Balls
|
|
Batting: LHB Adam Hill
|
0-0: SINGLE (Groundball, 34D, EV 94.4 MPH) Orlando Torres scores Hector Silva to second Runner from 2nd tries for 3rd, OUT! 9-5 Adam Hill to second
|
|
Batting: RHB Steve Byerly
|
0-0: Foul Ball, location: 2F 0-1: Ball 1-1: Swinging Strike 1-2: Ball 2-2: Ball 3-2: Base on Balls
|
|
Batting: RHB Vinny Estrada
|
0-0: Called Strike 0-1: Ball 1-1: Foul Ball, location: 2F 1-2: Ball 2-2: Foul Ball, location: 2F 2-2: Foul Ball, location: 2F 2-2: Strikes out swinging
|
| Bottom of the 2nd over - 2 runs, 2 hits, 1 error, 2 left on base; Mobile 1 - Biloxi 4 |
| TOP OF THE 3RD |
|
Mobile BayBears batting - Pitching for Biloxi Shuckers : RHP Junzo Yanagisawa
|
|
Batting: RHB Will Washburn
|
0-0: Called Strike 0-1: Ball 1-1: Ball 2-1: Ground out 6-3 (Groundball, 6, EV 90.0 MPH)
|
|
Batting: RHB Curt Barrett
|
0-0: Ball 1-0: Called Strike 1-1: Swinging Strike 1-2: Strikes out looking
|
|
Batting: RHB Carlos Ballesteros
|
0-0: Ball 1-0: Ball 2-0: Reached on error, E6 (Groundball, 6, EV 84.4 MPH)
|
|
Batting: RHB Paul Schreiber
|
0-0: Called Strike 0-1: Swinging Strike 0-2: Ball 1-2: Ball 2-2: Strikes out swinging
|
| Top of the 3rd over - 0 runs, 0 hits, 1 error, 1 left on base; Mobile 1 - Biloxi 4 |
| BOTTOM OF THE 3RD |
|
Biloxi Shuckers batting - Pitching for Mobile BayBears : LHP David Legg
|
|
Batting: RHB Josh Nelson
|
0-0: Ball 1-0: Called Strike 1-1: Swinging Strike 1-2: Fly out, F9 (Flyball, 89S, EV 81.2 MPH)
|
|
Batting: RHB Bobby Heagle
|
0-0: Ball 1-0: Foul Ball, location: 2F 1-1: Foul Ball, location: 2F 1-2: SINGLE (Groundball, 56D, EV 94.4 MPH)
|
|
Batting: RHB Leo Serrano
|
0-0: Called Strike 0-1: Fly out, F9 (Line Drive, 9S, EV 93.1 MPH)
|
|
Batting: RHB Brian Landrum
|
0-0: Ball 1-0: Ball 2-0: Called Strike 2-1: Fly out, F8 (Flyball, 8RD, EV 87.5 MPH)
|
| Bottom of the 3rd over - 0 runs, 1 hit, 0 errors, 1 left on base; Mobile 1 - Biloxi 4 |
| TOP OF THE 4TH |
|
Mobile BayBears batting - Pitching for Biloxi Shuckers : RHP Junzo Yanagisawa
|
|
Batting: LHB Soo-yeon Kym
|
0-0: Ball 1-0: Called Strike 1-1: Fly out, F8 (Flyball, 8LM, EV 81.2 MPH)
|
|
Batting: RHB Blake Beale
|
0-0: Ground out 4-3 (Groundball, 4, EV 97.5 MPH)
|
|
Batting: RHB Chris Bittner
|
0-0: Ball 1-0: Foul Ball, location: 2F 1-1: Ball 2-1: Swinging Strike 2-2: SINGLE (Groundball, 4MD, EV 101.2 MPH)
|
|
Batting: RHB Josh Burrows
|
0-0: Foul Ball, location: 2F 0-1: Ball 1-1: Ball 2-1: Foul Ball, location: 2F 2-2: Fly out, F7 (Flyball, 7S, EV 80.0 MPH)
|
| Top of the 4th over - 0 runs, 1 hit, 0 errors, 1 left on base; Mobile 1 - Biloxi 4 |
| BOTTOM OF THE 4TH |
|
Biloxi Shuckers batting - Pitching for Mobile BayBears : LHP David Legg
|
|
Batting: SHB Orlando Torres
|
0-0: Ball 1-0: Fly out, F9 (Line Drive, 89M, EV 96.2 MPH)
|
|
Batting: RHB Hector Silva
|
0-0: Foul Ball, location: 2F 0-1: Swinging Strike 0-2: Ball 1-2: TRIPLE (Line Drive, 8RXD, EV 105.0 MPH)
|
|
Batting: LHB Adam Hill
|
0-0: Ground out 4-3 (Groundball, 4D, EV 96.9 MPH) Hector Silva scores
|
|
Batting: RHB Steve Byerly
|
0-0: Foul Ball, location: 2F 0-1: Ball 1-1: Swinging Strike 1-2: Ball 2-2: Strikes out swinging
|
| Bottom of the 4th over - 1 run, 1 hit, 0 errors, 0 left on base; Mobile 1 - Biloxi 5 |
| TOP OF THE 5TH |
|
Mobile BayBears batting - Pitching for Biloxi Shuckers : RHP Junzo Yanagisawa
|
|
Batting: RHB Jeremy Adams
|
0-0: Ball 1-0: Foul Ball, location: 2F 1-1: Ball 2-1: Swinging Strike 2-2: Strikes out swinging
|
|
Batting: RHB Will Washburn
|
0-0: Ball 1-0: Called Strike 1-1: Fly out, F9 (Flyball, 9LM, EV 100.6 MPH)
|
|
Batting: RHB Curt Barrett
|
0-0: Ball 1-0: Ball 2-0: Ball 3-0: Base on Balls
|
|
Batting: RHB Carlos Ballesteros
|
0-0: Called Strike 0-1: Ball 1-1: Foul Ball, location: 2F 1-2: DOUBLE (Line Drive, 89XD, EV 106.2 MPH) Curt Barrett to third
|
|
Batting: RHB Paul Schreiber
|
0-0: Called Strike 0-1: Ball 1-1: Foul Ball, location: 2F 1-2: Ball 2-2: Fly out, F9 (Line Drive, 9S, EV 107.5 MPH)
|
| Top of the 5th over - 0 runs, 1 hit, 0 errors, 2 left on base; Mobile 1 - Biloxi 5 |
| BOTTOM OF THE 5TH |
|
Biloxi Shuckers batting - Pitching for Mobile BayBears : LHP David Legg
|
|
Pitching: RHP Manuel Maldonado
|
|
|
Batting: RHB Vinny Estrada
|
0-0: Ball 1-0: Called Strike 1-1: Ground out 5-3 (Groundball, 56, EV 88.1 MPH)
|
|
Batting: RHB Josh Nelson
|
0-0: Called Strike 0-1: Foul Ball, location: 2F 0-2: Ball 1-2: Foul Ball, location: 2F 1-2: Ball 2-2: Ball 3-2: Base on Balls
|
|
Batting: RHB Bobby Heagle
|
0-0: Called Strike 0-1: Swinging Strike 0-2: Grounds into double play, 4-6-3 (Groundball, 4, EV 105.6 MPH)
|
| Bottom of the 5th over - 0 runs, 0 hits, 0 errors, 0 left on base; Mobile 1 - Biloxi 5 |
| TOP OF THE 6TH |
|
Mobile BayBears batting - Pitching for Biloxi Shuckers : RHP Junzo Yanagisawa
|
|
Batting: LHB Soo-yeon Kym
|
0-0: Called Strike 0-1: Ball 1-1: DOUBLE (Line Drive, 8LXD, EV 110.0 MPH)
|
|
Batting: RHB Blake Beale
|
0-0: Fly out, F7 (Flyball, 7, EV 81.2 MPH)
|
|
Batting: RHB Chris Bittner
|
0-0: 2-RUN HOME RUN (Flyball, 8LXD, EV 113.8 MPH), Distance : 465 ft
|
|
Batting: RHB Josh Burrows
|
0-0: Ball 1-0: Called Strike 1-1: SINGLE (Line Drive, 56, EV 95.0 MPH)
|
|
Batting: RHB Jeremy Adams
|
0-0: Called Strike 0-1: Swinging Strike 0-2: Strikes out swinging
|
|
Pitching: LHP Jim McCutcheon
|
|
|
Batting: RHB Will Washburn
|
0-0: DOUBLE (Line Drive, 78D, EV 110.0 MPH) Josh Burrows to third Runner from 3rd tries for Home, SAFE, no throw by CF
|
|
Batting: RHB Curt Barrett
|
0-0: Called Strike 0-1: Ball 1-1: Ball 2-1: Swinging Strike 2-2: DOUBLE (Flyball, 89D, EV 99.4 MPH) Will Washburn scores
|
|
Batting: RHB Carlos Ballesteros
|
0-0: Called Strike 0-1: Ball 1-1: Ball 2-1: Called Strike 2-2: SINGLE (Groundball, 6MD, EV 107.5 MPH) Curt Barrett to third Throwing error, E8 Curt Barrett scores Carlos Ballesteros to second
|
|
Batting: RHB Paul Schreiber
|
0-0: SINGLE (Groundball, 56D, EV 104.4 MPH) Carlos Ballesteros to third Runner from 3rd tries for Home, SAFE, throw by LF to home
|
|
Batting: LHB Soo-yeon Kym
|
0-0: Called Strike 0-1: Ball 1-1: Ball 2-1: Foul Ball, location: 2F 2-2: Foul Ball, location: 2F 2-2: Strikes out swinging
|
| Top of the 6th over - 6 runs, 7 hits, 1 error, 1 left on base; Mobile 7 - Biloxi 5 |
| BOTTOM OF THE 6TH |
|
Biloxi Shuckers batting - Pitching for Mobile BayBears : RHP Manuel Maldonado
|
|
Batting: RHB Leo Serrano
|
0-0: Ground out 4-3 (Groundball, 34, EV 93.1 MPH)
|
|
Batting: RHB Brian Landrum
|
0-0: Ball 1-0: Called Strike 1-1: Foul Ball, location: 2F 1-2: Ball 2-2: Ball 3-2: Ground out 6-3 (Groundball, 6, EV 77.5 MPH)
|
|
Batting: SHB Orlando Torres
|
0-0: Ball 1-0: Ground out 5-3 (Groundball, 56, EV 86.2 MPH)
|
| Bottom of the 6th over - 0 runs, 0 hits, 0 errors, 0 left on base; Mobile 7 - Biloxi 5 |
| TOP OF THE 7TH |
|
Mobile BayBears batting - Pitching for Biloxi Shuckers : LHP Jim McCutcheon
|
|
Pitching: RHP Chris Ishii
|
|
|
Batting: RHB Blake Beale
|
0-0: Ball 1-0: Called Strike 1-1: SINGLE (Line Drive, 34, EV 104.4 MPH)
|
|
Batting: RHB Chris Bittner
|
0-0: Called Strike 0-1: Foul Ball, location: 2F 0-2: Strikes out swinging
|
|
Batting: RHB Josh Burrows
|
0-0: Ball 1-0: Called Strike 1-1: Fielders Choice at 2nd, 1-4 (Groundball, 15, EV 70.0 MPH)
|
|
Batting: RHB Jeremy Adams
|
0-0: Ball 1-0: Foul Ball, location: 2F 1-1: Fielders Choice at 2nd, 6-4 (Groundball, 6, EV 84.4 MPH)
|
| Top of the 7th over - 0 runs, 1 hit, 0 errors, 1 left on base; Mobile 7 - Biloxi 5 |
| BOTTOM OF THE 7TH |
|
Biloxi Shuckers batting - Pitching for Mobile BayBears : RHP Manuel Maldonado
|
|
Batting: RHB Hector Silva
|
0-0: Swinging Strike 0-1: Ball 1-1: Foul Ball, location: 2F 1-2: Ball 2-2: Ground out 1-3 (Groundball, 13, EV 70.0 MPH)
|
|
Batting: LHB Adam Hill
|
0-0: Foul Ball, location: 2F 0-1: Ball 1-1: Foul Ball, location: 2F 1-2: Ball 2-2: Ball 3-2: Fly out, F8 (Flyball, 8LXD, EV 105.6 MPH)
|
|
Batting: RHB Steve Byerly
|
0-0: Foul Ball, location: 2F 0-1: Ball 1-1: Called Strike 1-2: Fly out, F7 (Line Drive, 78M, EV 108.8 MPH)
|
| Bottom of the 7th over - 0 runs, 0 hits, 0 errors, 0 left on base; Mobile 7 - Biloxi 5 |
| TOP OF THE 8TH |
|
Mobile BayBears batting - Pitching for Biloxi Shuckers : RHP Chris Ishii
|
|
Batting: RHB Will Washburn
|
0-0: Swinging Strike 0-1: Ground out 4-3 (Groundball, 4, EV 85.6 MPH)
|
|
Batting: RHB Curt Barrett
|
0-0: Ball 1-0: Foul Ball, location: 2F 1-1: SOLO HOME RUN (Flyball, 7D, EV 99.4 MPH), Distance : 381 ft
|
|
Batting: RHB Carlos Ballesteros
|
0-0: SINGLE (Line Drive, 4M, EV 98.1 MPH)
|
|
Batting: RHB Paul Schreiber
|
0-0: Called Strike 0-1: Foul Ball, location: 2F 0-2: Ball 1-2: Ball 2-2: Foul Ball, location: 2F 2-2: Strikes out swinging
|
|
Pitching: LHP Benito Vargas
|
|
|
Batting: LHB Soo-yeon Kym
|
0-0: Ball 1-0: Ball 2-0: Foul Ball, location: 2F 2-1: Ball 3-1: Called Strike Carlos Ballesteros steals 2nd base (no throw) 3-2: Foul Ball, location: 2F 3-2: Foul Ball, location: 2F 3-2: Base on Balls
|
|
Batting: RHB Blake Beale
|
0-0: Ball 1-0: Swinging Strike 1-1: Fielders Choice at 2nd, 6-4 (Groundball, 6, EV 78.1 MPH)
|
| Top of the 8th over - 1 run, 2 hits, 0 errors, 2 left on base; Mobile 8 - Biloxi 5 |
| BOTTOM OF THE 8TH |
|
Biloxi Shuckers batting - Pitching for Mobile BayBears : RHP Manuel Maldonado
|
|
Pitching: RHP Rick Foster
|
|
|
Batting: RHB Vinny Estrada
|
0-0: Ball 1-0: Ball 2-0: Ball 3-0: Base on Balls
|
|
Batting: RHB Josh Nelson
|
0-0: Foul Ball, location: 2F 0-1: Called Strike 0-2: Ball 1-2: Foul Ball, location: 2F 1-2: Foul Ball, location: 2F 1-2: Ball 2-2: Ball 3-2: Ground out 4-3 (Groundball, 4, EV 93.8 MPH) Vinny Estrada to second
|
|
Batting: RHB Bobby Heagle
|
0-0: Swinging Strike 0-1: Ball 1-1: Foul Ball, location: 2F 1-2: Ball 2-2: Strikes out looking
|
|
Batting: RHB Leo Serrano
|
0-0: Foul Ball, location: 2F 0-1: SINGLE (Groundball, 6MD, EV 96.9 MPH) Vinny Estrada to third Throwing error, E8 Vinny Estrada scores Leo Serrano to second
|
|
Batting: RHB Brian Landrum
|
0-0: Called Strike 0-1: Single, Error in OF, E8, batter to second base (Line Drive, 8LS, EV 95.6 MPH) Leo Serrano scores
|
|
Batting: SHB Orlando Torres
|
0-0: SINGLE (Groundball, 34D, EV 95.6 MPH) Brian Landrum to third Runner from 3rd tries for Home, SAFE, throw by RF to home
|
|
Batting: RHB Hector Silva
|
0-0: Called Strike 0-1: Ball 1-1: Foul Ball, location: 2F 1-2: Fly out, F7 (Flyball, 7LM, EV 90.0 MPH)
|
| Bottom of the 8th over - 3 runs, 3 hits, 2 errors, 1 left on base; Mobile 8 - Biloxi 8 |
| TOP OF THE 9TH |
|
Mobile BayBears batting - Pitching for Biloxi Shuckers : LHP Benito Vargas
|
|
Batting: RHB Chris Bittner
|
0-0: Ball 1-0: Called Strike 1-1: Foul Ball, location: 2F 1-2: Ball 2-2: Fly out, F4 (Popup, 4D, EV 51.9 MPH)
|
|
Batting: RHB Josh Burrows
|
0-0: Ball 1-0: Swinging Strike 1-1: Called Strike 1-2: Ball 2-2: Strikes out swinging
|
|
Batting: RHB Jeremy Adams
|
0-0: Ball 1-0: Ball 2-0: Ball 3-0: Called Strike 3-1: Called Strike 3-2: Fly out, F8 (Flyball, 89M, EV 90.0 MPH)
|
| Top of the 9th over - 0 runs, 0 hits, 0 errors, 0 left on base; Mobile 8 - Biloxi 8 |
| BOTTOM OF THE 9TH |
|
Biloxi Shuckers batting - Pitching for Mobile BayBears : RHP Rick Foster
|
|
Pitching: LHP Ricky Ramirez
|
|
|
Batting: LHB Adam Hill
|
0-0: Called Strike 0-1: Called Strike 0-2: SINGLE (Groundball, 56S, EV 66.2 MPH) (infield hit)
|
|
Pitching: LHP Heath Henderson
|
|
|
Batting: RHB Steve Byerly
|
0-0: Foul Ball, location: 2F 0-1: Ball 1-1: Ball 2-1: Foul Ball, location: 2F 2-2: SINGLE (Groundball, 6MS, EV 69.4 MPH) (infield hit) Adam Hill to second
|
|
Batting: RHB Vinny Estrada
|
0-0: Ball 1-0: SINGLE (Line Drive, 89M, EV 91.9 MPH) Adam Hill to third Steve Byerly to second
|
|
Batting: RHB Josh Nelson
|
0-0: SINGLE (Groundball, 34D, EV 105.6 MPH) Adam Hill scores
|
| Bottom of the 9th over - 1 run, 4 hits, 0 errors, 2 left on base; Mobile 8 - Biloxi 9 |
|